 Dungeon Crawl Stone Soup version 0.26-a0-537-g96b2eae49b (webtiles) character file.

Game seed: 10895537616122273321

40 Morbidden the Skirmisher (level 3, 0/32 HPs)
             Began as a Palentonga Abyssal Knight on Aug 14, 2020.
             Was a Follower of Lugonu.
             Succumbed to a worker ant's poison
             ... on level 2 of the Dungeon.
             The game lasted 00:01:35 (1107 turns).

Morbidden the Skirmisher (PaAK)                     Turns: 1107, Time: 00:01:36

Health: 0/32       AC:  5    Str: 15    XL:     3   Next: 30%
Magic:  4/4        EV:  9    Int: 13    God:    Lugonu [*.....]
Gold:   41         SH:  0    Dex:  9    Spells: 2/2 levels left

rFire    . . .     SeeInvis +   a - +1 falchion
rCold    . . .     Faith    .   (no shield)
rNeg     . . .     Spirit   .   b - +0 leather armour
rPois    .         Reflect  .   (no helmet)
rElec    .         Harm     .   g - +0 cloak
rCorr    .                      (no gloves)
MR       .....                  (boots restricted)
Stlth    +.........             (no amulet)
HPRegen  0.10/turn              (no ring)
MPRegen  0.09/turn              (no ring)

@: lethally poisoned (0 -> -13), hasted, very quick
A: large, rugged brown scales 3, see invisible, deformed body, roll, armoured
tail
a: Rolling Charge, Depart the Abyss, Renounce Religion


You were on level 2 of the Dungeon.
You worshipped Lugonu.
Lugonu was aware of your devotion.
You visited 1 branch of the dungeon, and saw 2 of its levels.
You visited the Abyss 1 time.

You collected 41 gold pieces.

Inventory:

Hand Weapons
 a - a +1 falchion (weapon)
Armour
 b - a +0 leather armour (worn)
 g - a +0 cloak (worn)
Scrolls
 c - a scroll of identify {unknown}
 e - 3 scrolls of remove curse {unknown}
Potions
 d - a potion of haste
 f - a potion of flight {unknown}


   Skills:
 * Level 3.6 Fighting
 + Level 2.4 Long Blades
 + Level 1.9 Armour
 + Level 0.8 Dodging
 * Level 2.3 Invocations


You had 2 spell levels left.
You didn't know any spells.
Your spell library was empty.

Dungeon Overview and Level Annotations

Branches:
Dungeon (2/15)

Altars:
The Shining One


Innate Abilities, Weirdness & Mutations

You are completely covered in rugged brown scales. (AC +3, +7% HP)
You have supernaturally acute eyesight. (SInv)
Armour fits poorly on your strangely shaped body.
You can roll at foes to attack.
You have a long armoured tail.


Message History

You are too injured to fight recklessly!
Unknown command.
You feel sick. The bat barely misses you.
You riposte.
You hit the bat.
The bat is severely wounded.
You see here a goblin corpse.
The bat hits you.
* * * LOW HITPOINT WARNING * * *
The bat barely misses you. The leopard gecko barely misses you.
You feel sick. The bat barely misses you.
You riposte.
You closely miss the bat.
The bat is severely wounded.
The worker ant bites you.
* * * LOW HITPOINT WARNING * * *
You are more poisoned.
The worker ant poisons you!
There is a stone staircase leading up here.
Unknown command.
Okay, then.
It was a potion of haste.
You feel yourself speed up.
You die...

####. .#.[ .
#.#.### ##[ ......
#..#####...####.
#....##.........
##..........##..#
#......a@!.......
###....b..l....###
........†.....#
##...).......#
##.?)##...#.#
#....###....#
#..##.....#### #.#
###.### #. ...


You could see a worker ant, a leopard gecko and a bat.

Vanquished Creatures
  An ooze (D:1)
  A leopard gecko (D:2)
  A bat (D:1)
  2 giant cockroaches (D:1)
  6 hobgoblins (D:1)
  A ball python (D:1)
  A frilled lizard (D:1)
  12 goblins
  2 kobolds
  3 rats (D:1)
30 creatures vanquished.

Notes
Turn   | Place    | Note
-------+----------+-------------------------------------------
     0 | Abyss:1  | Morbidden the Palentonga Abyssal Knight began the quest for
                  | the Orb.
     0 | Abyss:1  | Reached XP level 1. HP: 19/19 MP: 2/2
    52 | Abyss:1  | Noticed a wretched star
    53 | D:1      | Escaped the Abyss
   320 | D:1      | Reached * piety under Lugonu
   393 | D:1      | Reached XP level 2. HP: 25/25 MP: 3/3
   732 | D:1      | Found a glowing golden altar of the Shining One.
   775 | D:1      | Reached XP level 3. HP: 27/31 MP: 4/4
  1106 | D:2      | HP: 1/32 [worker ant (5)]
  1107 | D:2      | Succumbed to a worker ant's poison

Illustrated notes

Levels and vault maps discovered:
D:1:      dpeg_arrival_leaves_temple_mockup, layout_basic, tso_altar
D:2:      layout_rooms, lemuel_coloured_pillars_altar, minmay_heptomino_h4

Action                   || total
-------------------------++-------
Melee: Falchion          ||    64
       Tailslap          ||     6
Invok: Depart the Abyss  ||     1
 Abil: Rolling Charge    ||    12
  Use: Potion            ||     1
Armor: Leather armour    ||    37
Dodge: Dodged            ||    43
       Rpst.: Falchion   ||    16

Table legend: (Time is in decaauts)
 A = Elapsed time spent in this place.
 B = Non-inter-level travel time spent in this place.
 C = Inter-level travel time spent in this place.
 D = Time resting spent in this place.
 E = Time spent auto-exploring this place.
 F = Levels seen in this place.
 G = Mean time per level.
                   A        B        C        D        E       F      G
               +--------+--------+--------+--------+--------+-----+--------+
         Total |   1118 |   1074 |     44 |      0 |    919 |   3 |  372.7 |
       Dungeon |   1065 |   1021 |     44 |      0 |    867 |   2 |  532.5 |
         Abyss |     53 |     53 |      0 |      0 |     52 |   1 |   53.0 |
               +--------+--------+--------+--------+--------+-----+--------+

Top non-repeatable levels by time:
     D:1: 1040 daAuts
 Abyss:1: 53 daAuts
     D:2: 25 daAuts
